 Dungeon Crawl Stone Soup version 0.28-b1-1-g3c77fb2ed1 (webtiles) character file.

Game seed: 7732400936314824293

28 growler the Gusty (level 3, 0/19 HPs)
             Began as a Tengu Air Elementalist on Jan 29, 2022.
             Killed by their own static electricity (2 damage)
             ... on level 2 of the Dungeon.
             The game lasted 00:04:39 (1674 turns).

growler the Gusty (Tengu Air Elementalist)          Turns: 1674, Time: 00:04:40

Health: 0/19       AC:  2    Str:  8    XL:     3   Next: 12%
Magic:  3/7        EV: 12    Int: 17    God:
Gold:   12         SH:  0    Dex: 14    Spells: 4/7 levels left

rFire   . . .      SeeInvis .   (no weapon)
rCold   . . .      Faith    .   (no shield)
rNeg    . . .      Spirit   .   a - +0 robe
rPois   .          Reflect  .   (helmet restricted)
rElec   .          Harm     .   (no cloak)
rCorr   .          Rampage  .   (no gloves)
Will    .....                   (boots unavailable)
Stlth   ++........              (no amulet)
HPRegen 0.06/turn               (no ring)
MPRegen 0.10/turn               (no ring)

@: very slightly contaminated
A: beak, talons 3
a: no special abilities


You were on level 2 of the Dungeon.
You visited 1 branch of the dungeon, and saw 2 of its levels.

You collected 12 gold pieces.

Inventory:

Missiles
 c - a throwing net {!f}
Armour
 a - a +0 robe (worn)
Scrolls
 b - a scroll of identify {unknown}
 d - a scroll of blinking {unknown}
 e - a scroll of immolation {unknown}


   Skills:
 - Level 2.1 Dodging
 - Level 2.0 Stealth
 + Level 2.5 Spellcasting
 + Level 2.5 Conjurations
 + Level 4.5 Air Magic


You had 4 spell levels left.
You knew the following spells:

 Your Spells              Type           Power      Damage    Failure   Level
a - Shock                 Conj/Air       56%        1d6       4%          1
d - Static Discharge      Conj/Air       14%        N/A       7%          2

Your spell library contained the following spells:

 Spells                   Type           Power      Damage    Failure   Level
 Swiftness                Air            17%        N/A       9%          3
 Airstrike                Air            8%         N/A       28%         4


Dungeon Overview and Level Annotations

Branches:
Dungeon (2/15)

Altars:

Shops:
D:1 ?

Annotations:
D:2 Natasha


Innate Abilities, Weirdness & Mutations

You have a beak for a mouth.
You have claws for feet.


Message History

There is a stone staircase leading down here.
You climb downwards.
Found 18 stones.
Found a stone staircase leading down.
There is a stone staircase leading up here.
The zap hits the bat. x2
You kill the bat!
Aim: a kobold, wielding a +0 whip (asleep, 100% to hit)
You miscast Shock.
You are very lightly contaminated with residual magic.
Nothing appears to happen.
Aim: a kobold, wielding a +0 whip (asleep, 100% to hit)
The zap hits the kobold but does no damage.
The kobold shouts!
Aim: a kobold, wielding a +0 whip (64% to hit)
The zap hits the kobold.
Aim: a kobold, wielding a +0 whip (moderately wounded, 64% to hit)
The zap hits the kobold but does no damage.
The kobold is struck by an arc of lightning!
You kill the kobold!
You are struck by an arc of lightning.
You climb upwards.
Your magical contamination has completely faded away.
There is a stone staircase leading down here.
Unknown command.
You start resting.
Unknown command.
You start resting.
You climb downwards.
There is a stone staircase leading up here.
You see here a bat corpse.
As you open the door, it creaks loudly!
There is an open door here.
Found a stone staircase leading up.
Found 6 bolts.
Found a robe.
Found a dagger.
You open the door.
There is an open door here.
Natasha, Servant of Life and Death comes into view.
Natasha hisses angrily.
Natasha casts a spell at you. The magic dart hits you!
You don't know that spell.
You miscast Static Discharge.
You are very lightly contaminated with residual magic.
Nothing appears to happen.
Natasha claws you!
* * * LOW HITPOINT WARNING * * *
Natasha is struck by an arc of lightning.
You are struck by an arc of lightning.
You die...

########+####
#...........#
#####.#.........#
#...............+
#.###.#..@h.....# #.
#.#.........# #.
#.#.........#
#.###.#.........#
#.#...#.........#
########.#...#.........#
......##.'...#.....#####
......####...#.....#
.....[##..........


You could see Natasha.

Vanquished Creatures
  A dart slug (D:1)
  A giant cockroach (D:1)
  4 goblins (D:1)
  3 hobgoblins (D:1)
  4 kobolds
  A quokka (D:1)
  3 ball pythons (D:1)
  4 bats
  A frilled lizard (D:1)
  2 rats (D:1)
24 creatures vanquished.

Notes
Turn   | Place    | Note
-------+----------+-------------------------------------------
     0 | D:1      | growler the Tengu Air Elementalist began the quest for the
                  | Orb.
     0 | D:1      | Reached XP level 1. HP: 10/10 MP: 4/4
   366 | D:1      | Found Ofeppewi's Magic Scroll Shop.
   379 | D:1      | Reached XP level 2. HP: 11/15 MP: 1/6
   382 | D:1      | Learned a level 2 spell: Static Discharge
  1169 | D:1      | Reached XP level 3. HP: 18/19 MP: 0/7
  1669 | D:2      | Noticed Natasha
  1674 | D:2      | Killed from afar by themself

Illustrated notes

Levels and vault maps discovered:
D:1:      dpeg_arrival_stone_temple_mockup, layout_loops_corners, serial_shops,
          shop, minmay_misc_feat_plants
D:2:      layout_basic, basic_altar, hellmonk_ecumenical_altar_arch_garden,
          minmay_pentomino_o2, uniq_natasha

Skill      XL: |  1  2 |
---------------+-------+-----
Conjurations   | 2 |  2.5
Dodging        | |  2.1
Stealth        | |  2.0
Spellcasting   | |  2.5
Air Magic      | |  4.5

Action                   || total
-------------------------++-------
Melee: Unarmed           ||    11
       Kick              ||     2
       Peck              ||     1
 Cast: Shock             ||    49
       Static Discharge  ||     1
Armor: Robe              ||     2
Dodge: Dodged            ||     4
